 Dungeon Crawl Stone Soup version 0.29-a0-997-gf6f7e2dfe7 (webtiles) character file.

Game seed: 13961037531763613240

73 Sweeb the Slasher (level 4, -1/28 HPs)
             Began as a Tengu Monk on Aug 5, 2022.
             Killed from afar by an orc wizard (8 damage)
             ... with a puff of flame
             ... on level 3 of the Dungeon.
             The game lasted 00:02:57 (1809 turns).

Sweeb the Slasher (Tengu Monk)                      Turns: 1809, Time: 00:02:58

Health: -1/28      AC:  5    Str: 11    XL:     4   Next: 27%
Magic:  5/5        EV: 12    Int: 10    God:
Gold:   134        SH:  0    Dex: 19    Spells: 3/3 levels left

rFire   . . .      SeeInvis .   a - +0 falchion
rCold   . . .      Faith    .   (no shield)
rNeg    . . .      Spirit   .   h - +0 ring mail
rPois   .          Reflect  .   (helmet restricted)
rElec   .          Harm     .   (no cloak)
rCorr   .          Rampage  .   (no gloves)
Will    .....                   (boots unavailable)
Stlth   ..........              (no amulet)
HPRegen 0.09/turn               (no ring)
MPRegen 0.09/turn               (no ring)

@: confused, mighty
A: beak, talons 3
a: no special abilities


You were on level 3 of the Dungeon.
You visited 1 branch of the dungeon, and saw 3 of its levels.

You collected 134 gold pieces.

Inventory:

Hand Weapons
 a - a +0 falchion (weapon)
Armour
 b - a +0 robe
 h - a +0 ring mail (worn)
Jewellery
 l - a ring of see invisible
Scrolls
 f - a scroll of fear
 g - a scroll of torment {unknown}
 k - a scroll of identify
 m - a scroll of immolation {unknown}
 n - 2 scrolls of teleportation {unknown}
 o - a scroll of butterflies {unknown}
Potions
 c - a potion of ambrosia
 d - a potion of brilliance
 e - a potion of flight
 i - a potion of might
 j - a potion of attraction {unknown}


   Skills:
 + Level 3.3 Fighting
 * Level 4.7 Long Blades
 + Level 0.3 Armour
 + Level 3.8 Dodging
 + Level 2.1 Stealth


You had 3 spell levels left.
You didn't know any spells.
Your spell library contained the following spells:

 Spells                   Type           Power      Damage    Failure   Level
 Magic Dart               Conj           0%         1d3       67%         1
 Call Imp                 Summ           0%         N/A       80%         2
 Mephitic Cloud           Conj/Pois/Air  0%         N/A       95%         3
 Corpse Rot               Necr/Pois/Air  0%         N/A       100%        4
 Dispel Undead            Necr           0%         3d6       100%        4
 Death Channel            Necr           0%         N/A       100%        6


Dungeon Overview and Level Annotations

Branches:
Dungeon (3/15)

Altars:

Shops:
D:2 =

Annotations:
D:2 Sigmund


Innate Abilities, Weirdness & Mutations

You have a beak for a mouth.
You have claws for feet.


Message History

Your peck misses the orc wizard.
The orc wizard is moderately wounded.
The orc wizard points at you and mumbles some strange words.
You are more confused.
You completely miss the orc wizard. Your kick misses the orc wizard.
You peck the orc wizard.
The orc wizard is heavily wounded.
The orc wizard closely misses you.
You bump into the rock wall.
The orc wizard gestures wildly while chanting.
The orc wizard flickers and vanishes!
Deactivating autopickup; reactivate with Ctrl-A.
You're too confused to move!
You hear some strange, mumbled words.
A magic dart appears from out of thin air!
The magic dart hits you.
You bump into the rock wall.
You hear some strange, mumbled words.
A puff of flame appears from out of thin air!
The puff of flame hits you!
You miss something. Your kick misses something.
Something hits you but does no damage.
You're too confused to move!
Something hits you.
You completely miss something. You claw something.
Something hits you but does no damage.
You're too confused to move!
Something hits you.
You hit something. Your kick misses something.
You feel less confused. Something hits you.
You closely miss something. Your kick misses something.
You hear some strange, mumbled words.
You are confused.
Something hits you.
* * * LOW HITPOINT WARNING * * *
It was a potion of might.
You feel very mighty all of a sudden.
You hear some strange, mumbled words.
A puff of flame appears from out of thin air!
The puff of flame hits you!
You die...

...# #. ...## #.
##...####
#.#.##.......
.o........# #.###..#
#......# #.####.#
#...@{.#
######.#########
#.........#
#..######.# #######
#..# #.# #.....#
#..######.#### #.###.#
#..##........# #.# #.#
####..##.###.##.#
#.###.#######........#
#.##.#


There were no monsters in sight!

Vanquished Creatures
  3 adders
  A worm (D:2)
  2 dart slugs
  A ball python (D:2)
  4 endoplasms (D:2)
  2 giant cockroaches (D:1)
  3 goblins
  3 jackals (D:1)
  5 quokkas
  A bat (D:1)
  3 frilled lizards
  5 kobolds
  6 rats
39 creatures vanquished.

Vanquished Creatures (others)
  4 fungi (D:2)
4 creatures vanquished.

Grand Total: 43 creatures vanquished

Notes
Turn   | Place    | Note
-------+----------+-------------------------------------------
     0 | D:1      | Sweeb the Tengu Monk began the quest for the Orb.
     0 | D:1      | Reached XP level 1. HP: 14/14 MP: 2/2
   259 | D:1      | Reached XP level 2. HP: 12/19 MP: 3/3
   726 | D:1      | Reached skill level 4 in Long Blades
   807 | D:1      | Reached XP level 3. HP: 21/23 MP: 4/4
   943 | D:2      | Noticed Sigmund
  1051 | D:2      | Found Pibbidak's Jewellery Shoppe.
  1197 | D:2      | Found a faded altar of an unknown god.
  1261 | D:2      | Reached XP level 4. HP: 25/28 MP: 5/5
  1809 | D:3      | Killed from afar by an orc wizard

Illustrated notes

Levels and vault maps discovered:
D:1:      dpeg_arrival_arbitrary_a, layout_rooms
D:2:      layout_loops_ring, serial_shops, nicolae_shop_advertising_works
          [nicolae_subvault_shop_adworks],
          hellmonk_ecumenical_altar_arch_garden, uniq_sigmund,
          uniq_crazy_yiuf_cottage
D:3:      layout_loops_corners, minmay_distorted, uniq_robin

Skill      XL: |  1  2 |
---------------+-------+-----
Long Blades    | 4 |  4.7
Fighting       | |  3.3
Armour         | |  0.3
Dodging        | |  3.8
Stealth        | |  2.1

Action                   |  1- 3 |  4- 6 || total
-------------------------+-------+-------++-------
Melee: Falchion          |    79 |    19 ||    98
       Peck              |    11 |     1 ||    12
       Kick              |    16 |     6 ||    22
  Use: Scroll            |     3 |       ||     3
       Potion            |       |     1 ||     1
 Stab: Sleeping          |     1 |     1 ||     2
Armor: Robe              |     5 |       ||     5
       Ring mail         |     7 |     5 ||    12
Dodge: Dodged            |    58 |     6 ||    64

Table legend: (Time is in decaauts)
 A = Elapsed time spent in this place.
 B = Non-inter-level travel time spent in this place.
 C = Inter-level travel time spent in this place.
 D = Time resting spent in this place.
 E = Time spent auto-exploring this place.
 F = Levels seen in this place.
 G = Mean time per level.
                   A        B        C        D        E       F      G
               +--------+--------+--------+--------+--------+-----+--------+
         Total |   1818 |   1704 |    114 |    177 |   1058 |   3 |  606.0 |
       Dungeon |   1818 |   1704 |    114 |    177 |   1058 |   3 |  606.0 |
               +--------+--------+--------+--------+--------+-----+--------+

Top non-repeatable levels by time:
     D:1: 968 daAuts
     D:2: 475 daAuts
     D:3: 374 daAuts
